 Dungeon Crawl Stone Soup version 0.26-a0-30-g56b8cd3df0 (webtiles) character file.

Game seed: 15699460299119598225, levelgen mode: deterministic

191 Lanoc the Cudgeler (level 5, 0/79 HPs)
             Began as a Troll Berserker on May 30, 2020.
             Was a Believer of Trog.
             Killed by divine providence
             ... invoked by an orc priest
              (12 damage)
             ... on level 4 of the Dungeon.
             The game lasted 00:04:21 (712 turns).

Lanoc the Cudgeler (Troll Berserker)                 Turns: 712, Time: 00:04:21

Health: 0/79       AC: 22    Str: 25    XL:     5   Next: 42%
Magic:  4/4        EV:  1    Int:  3    God:    Trog [**....]
Gold:   127        SH:  0    Dex: 10    Spells: 4/4 levels left

rFire    . . .     SeeInvis .   a - +0 mace
rCold    . . .     Gourm    +   (no shield)
rNeg     + + +     Faith    .   (armour currently unavailable)
rPois    +         Spirit   .   (helmet currently unavailable)
rElec    .         Reflect  .   (cloak currently unavailable)
rCorr    .         Harm     .   (gloves unavailable)
MR       .....     NoTele   +   (boots unavailable)
Stlth    ++........             (no amulet)
HPRegen  0.63/turn              k - ring of stealth
MPRegen  0.09/turn              (no ring)

@: tree-form, berserk cooldown, stab, slowed, very slow
A: large, unfitting armour, fast metabolism 3, gourmand, regeneration 1
a: Berserk, Trog's Hand, Renounce Religion


You were on level 4 of the Dungeon.
You worshipped Trog.
Trog was pleased with you.
You were not hungry.
You were a tree.
You visited 1 branch of the dungeon, and saw 4 of its levels.
You visited the Abyss 1 time.

You collected 127 gold pieces.

Inventory:

Hand Weapons
 a - a +0 mace (weapon)
 l - a +0 giant club
Armour
 b - a +0 animal skin (melded)
Jewellery
 k - a ring of stealth (left branch)
Wands
 i - a wand of acid (7)
Scrolls
 e - 2 scrolls of identify
 g - a scroll of enchant weapon {unknown}
 m - 2 scrolls of amnesia {unknown}
Potions
 f - a potion of stabbing
 h - a potion of berserk rage
Comestibles
 c - 3 rations


   Skills:
 + Level 3.3 Fighting
 * Level 4.4 Maces & Flails
 + Level 3.2 Dodging


You had 4 spell levels left.
You didn't know any spells.
Your spell library was empty.

Dungeon Overview and Level Annotations

Branches:
Dungeon (4/15)
 Temple: D:4-7

Altars:


Innate Abilities, Weirdness & Mutations

You are too large for most types of armour.
((You have claws for hands.))
Your metabolism is lightning-fast.
You like to eat raw meat.
Your natural rate of healing is unusually fast.
((You are covered in fur. (AC +1)))
((You have extremely tough skin. (AC +3)))


Message History

Your +0 animal skin melds into your body.
Your roots penetrate the ground.
The orc priest hits you but does no damage.
The orc wizard hits you but does no damage.
The adder bites you but does no damage.
The orc priest hits you but does no damage.
The adder bites you but does no damage.
The orc wizard points at you and mumbles some strange words.
The puff of flame hits you but does no damage.
It was a potion of stabbing.
You feel ready to backstab. The adder bites you but does no damage.
The orc priest hits you but does no damage.
The adder bites you but does no damage.
You thump the orc priest!
The orc priest is almost dead.
The orc wizard hits you but does no damage.
The orc priest mumbles some strange prayers to Beogh against you.
Beogh smites you!
You die...

#.# .. ##...... #.# ##
#.##### #.# #.# #)# ##'##
#.# ##...## #.##
##.....## #..##
##.......#
########o..####.........#
....o..o♣)....'.........+
########oS.####.........#
#.........# ##.......##
#.######..# ##.....##
#..# ##...## #..# #+##
...# ##.# .#


You could see an orc priest, an orc wizard, an adder and 2 orcs.

Vanquished Creatures
  An ogre (D:4)
  An iguana (D:4)
  A worker ant (D:4)
  2 adders (D:2)
  A leopard gecko (D:4)
  2 orcs (D:4)
  A bat (D:1)
  3 giant cockroaches
  A goblin (D:3)
  6 hobgoblins
  4 jackals (D:2)
  7 frilled lizards
  2 kobolds (D:1)
  3 rats
35 creatures vanquished.

Notes
Turn   | Place    | Note
-------+----------+-------------------------------------------
     0 | D:1      | Lanoc the Troll Berserker began the quest for the Orb.
     0 | D:1      | Reached XP level 1. HP: 22/22 MP: 0/0
   160 | D:1      | Reached skill level 3 in Maces & Flails
   164 | D:1      | Reached XP level 2. HP: 29/29 MP: 1/1
   293 | D:2      | Reached XP level 3. HP: 35/36 MP: 2/2
   330 | D:2      | Reached ** piety under Trog
   377 | D:3      | You fall into a shaft and drop 1 floor!
   379 | D:4      | Noticed an ogre
   387 | D:4      | Reached XP level 4. HP: 41/44 MP: 3/3
   391 | D:4      | Killed an ogre
   391 | D:4      | Reached skill level 4 in Maces & Flails
   391 | D:4      | Reached XP level 5. HP: 52/53 MP: 4/4
   605 | D:4      | Cast into level 1 of the Abyss (orc)
   623 | Abyss:1  | Found a corrupted altar of Lugonu.
   641 | Abyss:1  | Noticed a large abomination
   661 | Abyss:1  | Noticed a large abomination
   663 | Abyss:1  | Noticed a large abomination
   668 | Abyss:1  | Noticed a small abomination
   691 | D:4      | Escaped the Abyss
   712 | D:4      | Killed from afar by an orc priest

Illustrated notes

Levels and vault maps discovered:
D:1:      nzn_arrival_depleted_hourglass, layout_basic,
          minmay_misc_feat_nine_boxes, minmay_lizard_pond
D:2:      layout_rooms
D:3:      layout_loops_ring, chequers_ecumenical_altar_island,
          cheibrodos_sewer_entry_bend
D:4:      layout_loops_corners, serial_shops, shop, uniq_blork_the_orc

Skill      XL: |  1  2  3  4 |
---------------+-------------+-----
Maces & Flails | 3 4 |  4.4
Fighting       | 3 |  3.3
Dodging        | 3 |  3.2

Action                   |  1- 3 |  4- 6 || total
-------------------------+-------+-------++-------
Melee: Mace              |    99 |    34 ||   133
Invok: Berserk           |     2 |     2 ||     4
       Trog's Hand       |       |     1 ||     1
  Use: Potion            |       |     2 ||     2
       Scroll            |       |     1 ||     1
  Eat: Chunk             |    10 |       ||    10
Armor: Animal skin       |    73 |    15 ||    88
       Skin              |       |    10 ||    10
Dodge: Dodged            |    96 |    27 ||   123

Table legend:
 A = Non-vault XP
 B = Vault XP
 C = Vault XP percentage of total XP
 D = Non-vault monster count
 E = Vault monster count
 F = Vault count percentage of total count
                 A         B        C        D         E       F
            +---------+---------+-------+---------+---------+-------
      Total |     268 |       6 |   2.2 |      29 |       6 |  17.1
            +---------+---------+-------+---------+---------+-------
        D:1 |      15 |       6 |  28.6 |       9 |       6 |  40.0
        D:2 |      40 |       0 |   0.0 |       9 |       0 |   0.0
        D:3 |       8 |       0 |   0.0 |       5 |       0 |   0.0
        D:4 |     205 |       0 |   0.0 |       6 |       0 |   0.0
            +---------+---------+-------+---------+---------+-------
